 Dungeon Crawl Stone Soup version 0.22-a0-455-ga0624bf (webtiles) character file.

801 galech the Skirmisher (level 7, 0/114 HPs)
             Began as an Ogre Berserker on June 5, 2018.
             Was a Priest of Trog.
             Succumbed to a worker ant's poison
             ... on level 4 of the Dungeon.
             The game lasted 00:04:33 (4648 turns).

galech the Skirmisher (Ogre Berserker)              Turns: 4648, Time: 00:04:34

Health: 0/114      AC:  4    Str: 29    XL:     7   Next: 90%
Magic:  7/7        EV: 11    Int:  8    God:    Trog [***...]
Gold:   204        SH:  0    Dex:  8    Spells: 6/6 levels left

rFire    . . .     SeeInvis .   a - +0 mace
rCold    . . .     Gourm    .   (no shield)
rNeg     . . .     Faith    .   b - +0 animal skin
rPois    .         Spirit   .   (helmet restricted)
rElec    .         Reflect  .   j - +0 cloak
rCorr    .         Harm     .   (gloves unavailable)
MR       .....                  (boots unavailable)
Stlth    ..........             (no amulet)
HPRegen  0.29/turn              (no ring)
MPRegen  0.10/turn              (no ring)

@: berserking, lethally poisoned (0 -> -17), very quick
A: large, unfitting armour, tough skin 1
a: Berserk, Trog's Hand, Renounce Religion


You were on level 4 of the Dungeon.
You worshipped Trog.
Trog was most pleased with you.
You were near starving.

You visited 1 branch of the dungeon, and saw 4 of its levels.

You collected 204 gold pieces.

Inventory:

Hand Weapons
 a - a +0 mace (weapon)
Armour
 b - a +0 animal skin (worn)
 j - a +0 cloak (worn)
Jewellery
 i - an uncursed ring of stealth {unknown}
Scrolls
 e - a scroll of immolation {unknown}
 f - 3 scrolls of identify {unknown}
 h - a scroll of remove curse {unknown}
 k - 4 scrolls of teleportation {unknown}
 l - 3 scrolls of enchant weapon {unknown}
 n - a scroll of fear {unknown}
 p - a scroll of noise {unknown}
 r - a scroll of amnesia {unknown}
Potions
 d - a potion of cancellation {unknown}
 g - a potion of flight {unknown}
 o - a potion of curing {unknown}
 q - a potion of berserk rage {unknown}
Comestibles
 c - 9 rations
 m - 7 chunks of flesh


   Skills:
 + Level 6.4 Fighting
 + Level 6.1 Maces & Flails
 + Level 4.7 Dodging
 + Level 1.2 Stealth


You had 6 spell levels left.
You didn't know any spells.
Your spell library was empty.

Dungeon Overview and Level Annotations

Branches:
Dungeon (4/15)
 Temple: D:4-7

Altars:
Fedhas


Innate Abilities, Weirdness & Mutations

You are too large for most types of armour.
You have tough skin. (AC +1)


Message History

* * * LOW HITPOINT WARNING * * *
You bludgeon Grinder!!
Grinder is severely wounded.
You feel sick.
A worker ant comes into view.
Grinder hits you!
* * * LOW HITPOINT WARNING * * *
You writhe in agony.
* * * LOW HITPOINT WARNING * * *
You sock Grinder!
Grinder is almost dead.
* * * LOW HITPOINT WARNING * * *
You feel sick.
You sock Grinder!
You kill Grinder!
Trog accepts your kill.
Your Maces & Flails skill increases to level 6!
Your skin stops crawling.
You feel less resistant to hostile enchantments.
You die...

#...........##
.............# ....
.............# ....
.............## .....
..)...........# ...a.
..............# ....
..............# #..#
..............###†..###
............##..@!....#
..............#####.....
...........#### #..
........#### .....####
....## ..### ..# .##


You could see a worker ant.

Vanquished Creatures
  Grinder (D:4)
  Sigmund (D:4)
  Blork the orc (D:4)
  A howler monkey (D:4)
  2 hounds (D:4)
  3 orc wizards
  2 worker ants (D:4)
  6 adders
  An adder skeleton (D:3)
  3 worms
  A dart slug (D:2)
  15 orcs
  3 bats (D:1)
  3 giant cockroaches
  10 goblins
  6 hobgoblins
  8 jackals
  2 quokkas
  4 frilled lizards
  11 kobolds
  5 rats
89 creatures vanquished.

Notes
Turn   | Place    | Note
-------+----------+-------------------------------------------
     0 | D:1      | galech the Ogre Berserker began the quest for the Orb.
     0 | D:1      | Reached XP level 1. HP: 24/24 MP: 1/1
   113 | D:1      | Reached XP level 2. HP: 21/32 MP: 2/2
   429 | D:1      | Reached ** piety under Trog
   778 | D:2      | Reached XP level 3. HP: 6/40 MP: 3/3
  1336 | D:2      | Reached XP level 4. HP: 47/49 MP: 4/4
  2048 | D:3      | Reached skill level 5 in Fighting
  2088 | D:3      | Reached XP level 5. HP: 50/57 MP: 5/5
  2527 | D:3      | Found a blossoming altar of Fedhas.
  3802 | D:4      | Reached XP level 6. HP: 33/66 MP: 6/6
  3959 | D:4      | Noticed Blork the orc
  4188 | D:4      | Killed Blork the orc
  4305 | D:4      | Reached skill level 5 in Maces & Flails
  4489 | D:4      | Reached *** piety under Trog
  4508 | D:4      | Noticed Sigmund
  4528 | D:4      | Killed Sigmund
  4528 | D:4      | Reached skill level 1 in Stealth
  4528 | D:4      | Reached XP level 7. HP: 75/75 MP: 7/7
  4625 | D:4      | Noticed Grinder
  4646 | D:4      | HP: 5/112 [Grinder (9)]
  4646 | D:4      | HP: 2/112 [Grinder (3)]
  4648 | D:4      | Killed Grinder
  4648 | D:4      | Succumbed to a worker ant's poison

Vault maps used:
D:1:      minmay_arrival_five_plusses
D:2:      nrook_mini_backslash
D:3:      fedhas_altar_1
D:4:      minmay_temple_entry_from_below_a, first_ration, uniq_blork_the_orc,
          uniq_grinder, uniq_sigmund, uniq_robin

Skill      XL: |  1  2  3  4  5  6  7 |
---------------+----------------------+-----
Maces & Flails | 3 4 5 6 |  6.1
Dodging        | 3 4 |  4.7
Fighting       | 5 6 |  6.4
Stealth        | 1 |  1.2

Action                   |  1- 3 |  4- 6 |  7- 9 || total
-------------------------+-------+-------+-------++-------
Melee: Mace              |    92 |   238 |    23 ||   353
Invok: Berserk           |     1 |     2 |     1 ||     4
       Trog's Hand       |     1 |     1 |     1 ||     3
  Eat: Chunk             |     1 |    13 |     1 ||    15
Armor: Animal skin       |    30 |    64 |     3 ||    97
Dodge: Dodged            |    67 |   140 |     8 ||   215

Table legend:
 A = Spawn XP
 B = Non-spawn XP
 C = Spawn XP percentage of total XP
 D = Spawn monster count
 E = Non-spawn monster count
 F = Spawn count percentage of total count
 G = Total turns spent on level
                    A         B        C        D         E        F      G
               +---------+---------+-------+---------+---------+-------+---------
         Total |       0 |    1145 |   0.0 |       0 |      89 |   0.0 |  4648
               +---------+---------+-------+---------+---------+-------+---------
           D:1 |       0 |      29 |   0.0 |       0 |      17 |   0.0 |  1007
           D:2 |       0 |      96 |   0.0 |       0 |      26 |   0.0 |   954
           D:3 |       0 |     169 |   0.0 |       0 |      31 |   0.0 |  2097
           D:4 |       0 |     851 |   0.0 |       0 |      15 |   0.0 |   590
               +---------+---------+-------+---------+---------+-------+---------
